Rafales vs Diables

Created - 30 novembre 2016 at 23:11

Goals
1 2 3 T
Rafales 1 2 0 3
Diables 3 5 0 8
Shots
1 2 3 T
Rafales 11 8 10 29
Diables 10 19 4 33

1st period

1. Diables , Alexandre Burrows 1 (Tomas Kubalik, Riley Sheahan) at 2:20
2. Rafales , Tim Crowder 5 (Jeff Skinner, Jonas Junland) at 4:31
3. Diables , Steve Quailer 15 (Dustin Kohn, Tyler Bozak) at 11:31
4. Diables , Dustin Kohn 2 (Steve Quailer, Alexandre Burrows) at 13:49 (PP)

Penalties :
Mike Sislo (Stf) for Holding Stick (Minor) at 12:43

2nd period

5. Diables , Alexandre Burrows 2 (Tomas Kubalik, Riley Sheahan) at 2:00
6. Diables , Taylor Beck 3 (Ben Hanowski, Boone Jenner) at 2:57
7. Diables , Ben Hanowski 3 (Kyle Cumiskey, Taylor Beck) at 5:46
8. Rafales , Cody McLeod 13 (Mike Zigomanis) at 12:50
9. Diables , Tyler Bozak 7 (Tyler Cuma) at 12:56
10. Rafales , Mike Zigomanis 14 (Cody McLeod) at 13:09 (PP)
11. Diables , Riley Sheahan 3 (Alexandre Burrows) at 13:36

Penalties :
Lukas Krajicek (Alm) for Holding (Minor) at 3:06, Kyle Cumiskey (Alm) for High sticking (Minor) at 8:41, Lukas Krajicek (Alm) for Fighting (Major) at 13:07, Milan Bartovic (Stf) for Fighting (Major) at 13:07, Lukas Krajicek (Alm) for instigated a fight (Minor) at 13:07, Lukas Krajicek (Alm) for instigated a fight (10 Minutes Misconduct) at 13:07

3rd period

No Goal

Penalties :
Matt Gilroy (Stf) for Hooking (Minor) at 1:46, Kellan Lain (Alm) for Fighting (Major) at 10:48, Julian Melchiori (Stf) for Fighting (Major) at 10:48

Goalie Stats

John Gibson (Stf), 9 saves from 15 shots - (0,600), L, 6-4-1, 25:46 minutes
Philipp Grubauer (Stf), 16 saves from 18 shots - (0,889), 34:14 minutes
Eddie Lack (Alm), 26 saves from 29 shots - (0,897), W, 3-1-2, 60:00 minutes

Players Stats for Rafales

Player Name              G  A  P  +/- PIM S  H  SB GA TA FO     MP     PP MP  PK MP  
------------------------------------------------------------------------------------
Cody McLeod              1  1  2  -1  0   7  3  1  0  1  1/2    21:46   2:09   1:51 
Connor Murphy            0  0  0  -2  0   1  0  1  0  1  0/0    26:08   2:37   1:36 
Dan Fritsche             0  0  0  -3  0   0  0  0  0  2  7/11   16:58   1:51   0:10 
Jeff Skinner             0  1  1  -1  0   1  1  0  1  0  0/0    13:54   1:53   0:22 
Johan Ryno               0  0  0   0  0   2  0  0  1  0  0/0     9:45   0:00   0:00 
Jonas Junland            0  1  1  -3  0   0  1  2  1  0  0/0    21:15   1:23   1:14 
Jonathan Rheault         0  0  0  -3  0   5  0  0  0  0  0/1    14:40   0:00   0:00 
Julian Melchiori         0  0  0  -2  5   0  0  2  0  0  0/0    19:18   0:00   1:36 
Kevin Veilleux           0  0  0   0  0   0  0  0  0  0  2/4     9:45   0:00   0:00 
Marc-André Gragnani      0  0  0   0  0   0  0  0  0  1  0/0    13:10   0:00   0:15 
Mark Fayne               0  0  0  -1  0   3  0  2  0  0  0/0    16:15   1:23   0:56 
Matt Gilroy              0  0  0  -2  2   1  1  0  0  2  0/0    23:54   2:37   0:33 
Michael Bournival        0  0  0   0  0   2  1  1  1  1  0/0    12:36   1:51   0:00 
Mike Sislo               0  0  0  -4  2   3  3  1  0  0  0/0    15:38   0:00   0:28 
Mike Zigomanis           1  1  2  -1  0   2  0  1  1  0  18/34  21:52   2:09   1:57 
Milan Bartovic           0  0  0   0  5   0  0  0  1  0  0/2    18:20   2:07   0:39 
Nathan Davis             0  0  0  -1  0   1  0  0  0  0  0/6    10:27   0:00   0:00 
Tim Crowder              1  0  1  -1  0   1  2  0  0  0  0/0    11:10   0:00   0:43 

Players Stats for Diables

Player Name              G  A  P  +/- PIM S  H  SB GA TA FO     MP     PP MP  PK MP  
------------------------------------------------------------------------------------
Alexandre Burrows        2  2  4   2  0   5  3  2  0  0  0/0    17:10   1:20   0:57 
Ben Hanowski             1  1  2   1  0   1  2  0  0  2  1/1    17:03   0:00   0:00 
Benn Ferriero            0  0  0   0  0   0  0  0  0  0  0/0     1:06   0:00   0:00 
Boone Jenner             0  1  1   2  0   0  0  0  0  1  2/3     9:38   1:20   0:00 
Brandon Prust            0  0  0  -1  0   5  1  1  0  0  0/0    12:28   0:00   0:59 
Brian Dumoulin           0  0  0   4  0   0  1  1  0  0  0/0    17:30   0:51   0:00 
Craig Smith              0  0  0  -1  0   0  0  0  1  1  4/11   14:07   0:00   0:57 
Dustin Kohn              1  1  2   0  0   2  0  0  1  0  0/0    21:05   1:22   1:40 
Josh Manson              0  0  0   0  0   0  2  0  0  0  0/0     7:01   0:47   0:29 
Kellan Lain              0  0  0   2  5   1  3  0  2  0  3/3    20:58   1:45   2:04 
Kyle Cumiskey            0  1  1   0  2   0  0  1  0  0  0/0    19:18   1:22   0:36 
Lukas Krajicek           0  0  0   2  19  0  1  0  0  0  0/0    14:27   0:27   0:55 
Pavel Valentenko         0  0  0   2  0   0  2  1  0  0  0/0    14:07   0:00   2:00 
Riley Sheahan            1  2  3   2  0   1  2  0  0  0  4/7    14:52   0:00   0:00 
Steve Quailer            1  1  2   2  0   4  2  0  0  1  0/1    21:15   1:20   0:59 
Taylor Beck              1  1  2   2  0   2  1  0  0  0  0/0     7:30   0:00   0:00 
Tomas Kubalik            0  2  2   2  0   3  0  0  1  0  0/0    16:53   1:45   0:00 
Tyler Bozak              1  1  2   2  0   6  2  0  1  0  18/34  22:52   1:45   2:04 
Tyler Cuma               0  1  1   2  0   3  2  0  2  1  0/0    26:36   1:21   2:20 

3 Stars

1 - Alexandre Burrows (Alm)
2 - Riley Sheahan (Alm)
3 - Tyler Bozak (Alm)

Power Play

Rafales - 1 on 3 Attempt(s) - 33,33%
Diables - 1 on 2 Attempt(s) - 50,00%

Penalty Kill

Rafales - 1 on 2 Attempt(s) - 50,00% - Score 0 goal in Penalty Kill
Diables - 2 on 3 Attempt(s) - 66,67% - Score 0 goal in Penalty Kill

Team Stat

Rafales - Hits : 12 - Faceoff Wins : 28 - Blocked Shots : 11 - Penalty Minutes : 14
Diables - Hits : 24 - Faceoff Wins : 32 - Blocked Shots : 6 - Penalty Minutes : 26

Official

Referees : Rooney Chris and Peel Tim
Linesman : Mark Pare and Scott Cherrey

Game Notes

Philipp Grubauer enters game at 5:46 of 2nd period
Lukas Krajicek beats up Milan Bartovic at 13:07 of 2nd period
Kellan Lain beats up Julian Melchiori at 10:48 of 3rd period

Finance

Level 1 -- Attendance: 1358 (67,90%) -- Ticket Income 47 530 $
Level 2 -- Attendance: 744 (74,40%) -- Ticket Income 11 160 $
Total Attendance: 2102 (70,07%)
Total Ticket Income: 58 690 $
Other Income: 2 934 $
Total Income: 61 624 $

Rafales

5 vs 5 Forward 
   Center                   Left Wing                Right Wing               Time % Phy DF OF 
 1 Mike Zigomanis           Cody McLeod              Milan Bartovic           40     0   0  5  
 2 Dan Fritsche             Mike Sislo               Jonathan Rheault         30     0   0  5  
 3 Nathan Davis             Jeff Skinner             Tim Crowder              20     0   0  5  
 4 Kevin Veilleux           Michael Bournival        Johan Ryno               10     0   0  5  

5 vs 5 Defense 
   Defense                  Defense                                           Time % Phy DF OF 
 1 Connor Murphy            Julian Melchiori                                  40     1   2  2  
 2 Matt Gilroy              Jonas Junland                                     30     1   2  2  
 3 Marc-André Gragnani      Mark Fayne                                        20     1   2  2  
 4 Connor Murphy            Matt Gilroy                                       10     1   2  2  

PowerPlay Forward 
   Center                   Left Wing                Right Wing               Time % Phy DF OF 
 1 Mike Zigomanis           Cody McLeod              Milan Bartovic           60     1   0  4  
 2 Dan Fritsche             Michael Bournival        Jeff Skinner             40     1   0  4  

PowerPlay Defense
   Defense                  Defense                                           Time % Phy DF OF 
 1 Connor Murphy            Matt Gilroy                                       60     1   0  4  
 2 Mark Fayne               Jonas Junland                                     40     1   0  4  

Penalty Kill 4 Players Forward 
   Center                   Wing                     Time % Phy DF OF 
 1 Mike Zigomanis           Cody McLeod              60     1   3  1  
 2 Milan Bartovic           Mike Sislo               40     1   3  1  

Penalty Kill 4 Players Defense
   Defense                  Defense                  Time % Phy DF OF 
 1 Connor Murphy            Julian Melchiori         60     2   3  0  
 2 Matt Gilroy              Jonas Junland            40     2   3  0  

Penalty Kill - 3 Players Forward 
   Forward                                           Time % Phy DF OF 
 1 Mike Zigomanis                                    60     1   4  0  
 2 Cody McLeod                                       40     1   4  0  

Penalty Kill - 3 Players Defense
   Defense                  Defense                  Time % Phy DF OF 
 1 Mark Fayne               Julian Melchiori         60     2   3  0  
 2 Matt Gilroy              Jonas Junland            40     2   3  0  

4 vs 4 Forward 
   Center                   Wing                     Time % Phy DF OF 
 1 Mike Zigomanis           Cody McLeod              60     1   1  3  
 2 Milan Bartovic           Jeff Skinner             40     1   1  3  

4 vs 4 Defense
   Defense                  Defense                  Time % Phy DF OF 
 1 Connor Murphy            Mark Fayne               60     1   3  1  
 2 Matt Gilroy              Jonas Junland            40     1   3  1  

Last Minutes Offensive
   Center                   Left Wing                Right Wing               Defense                  Defense                  
   Mike Zigomanis           Cody McLeod              Milan Bartovic           Matt Gilroy              Connor Murphy            

Last Minutes Defensive
   Center                   Left Wing                Right Wing               Defense                  Defense                  
   Mike Zigomanis           Cody McLeod              Milan Bartovic           Marc-André Gragnani      Mark Fayne               

Goaltenders
Starting : John Gibson              
Backup : Philipp Grubauer         

Extra Forwards
Normal : Jeff Skinner, Mike Zigomanis, Michael Bournival - PP : Jeff Skinner, Nathan Davis - PK : Tim Crowder
Extra Defensemen
Normal : Connor Murphy, Mark Fayne, Matt Gilroy - PP : Matt Gilroy - PK : Mark Fayne, Matt Gilroy
Penalty Shots
Mike Zigomanis, Cody McLeod, Milan Bartovic, Tim Crowder, Jeff Skinner

Diables

5 vs 5 Forward 
   Center                   Left Wing                Right Wing               Time % Phy DF OF 
 1 Tyler Bozak              Kellan Lain              Steve Quailer            40     1   2  2  
 2 Riley Sheahan            Alexandre Burrows        Tomas Kubalik            30     1   2  2  
 3 Craig Smith              Brandon Prust            Ben Hanowski             20     1   2  2  
 4 Boone Jenner             Taylor Beck              Ben Hanowski             10     1   2  2  

5 vs 5 Defense 
   Defense                  Defense                                           Time % Phy DF OF 
 1 Tyler Cuma               Lukas Krajicek                                    40     1   2  2  
 2 Dustin Kohn              Kyle Cumiskey                                     30     1   2  2  
 3 Brian Dumoulin           Pavel Valentenko                                  20     1   2  2  
 4 Josh Manson              Tyler Cuma                                        10     1   2  2  

PowerPlay Forward 
   Center                   Left Wing                Right Wing               Time % Phy DF OF 
 1 Tyler Bozak              Kellan Lain              Tomas Kubalik            60     1   2  2  
 2 Boone Jenner             Alexandre Burrows        Steve Quailer            40     1   2  2  

PowerPlay Defense
   Defense                  Defense                                           Time % Phy DF OF 
 1 Tyler Cuma               Lukas Krajicek                                    60     1   2  2  
 2 Dustin Kohn              Kyle Cumiskey                                     40     1   2  2  

Penalty Kill 4 Players Forward 
   Center                   Wing                     Time % Phy DF OF 
 1 Tyler Bozak              Kellan Lain              60     1   2  2  
 2 Brandon Prust            Steve Quailer            40     1   2  2  

Penalty Kill 4 Players Defense
   Defense                  Defense                  Time % Phy DF OF 
 1 Tyler Cuma               Lukas Krajicek           60     1   2  2  
 2 Dustin Kohn              Kyle Cumiskey            40     1   2  2  

Penalty Kill - 3 Players Forward 
   Forward                                           Time % Phy DF OF 
 1 Benn Ferriero                                     60     1   2  2  
 2 Kellan Lain                                       40     1   2  2  

Penalty Kill - 3 Players Defense
   Defense                  Defense                  Time % Phy DF OF 
 1 Tyler Cuma               Lukas Krajicek           60     1   2  2  
 2 Dustin Kohn              Pavel Valentenko         40     1   2  2  

4 vs 4 Forward 
   Center                   Wing                     Time % Phy DF OF 
 1 Tyler Bozak              Kellan Lain              60     1   2  2  
 2 Boone Jenner             Brandon Prust            40     1   2  2  

4 vs 4 Defense
   Defense                  Defense                  Time % Phy DF OF 
 1 Tyler Cuma               Lukas Krajicek           60     1   2  2  
 2 Dustin Kohn              Kyle Cumiskey            40     1   2  2  

Last Minutes Offensive
   Center                   Left Wing                Right Wing               Defense                  Defense                  
   Tyler Bozak              Kellan Lain              Steve Quailer            Tyler Cuma               Lukas Krajicek           

Last Minutes Defensive
   Center                   Left Wing                Right Wing               Defense                  Defense                  
   Tyler Bozak              Kellan Lain              Steve Quailer            Tyler Cuma               Lukas Krajicek           

Goaltenders
Starting : Eddie Lack               
Backup : Jean-Francois Berube     

Extra Forwards
Normal : Craig Smith, Tomas Kubalik, Boone Jenner - PP : Craig Smith, Tomas Kubalik - PK : Craig Smith
Extra Defensemen
Normal : Brian Dumoulin, Josh Manson, Pavel Valentenko - PP : Brian Dumoulin - PK : Pavel Valentenko, Josh Manson
Penalty Shots
Tyler Bozak, Kellan Lain, Brandon Prust, Steve Quailer, Riley Sheahan

% Time on Ice - Rafales

Lines # - Real PCT - Wanted PCT - Time Play
Normal Forward
1 - 34% - 40% - 17:48
2 - 28% - 30% - 14:55
3 - 20% - 20% - 10:27
4 - 18% - 10% - 9:45
Normal Defense
1 - 38% - 40% - 20:03
2 - 36% - 30% - 19:02
3 - 22% - 20% - 11:41
4 - 4% - 10% - 2:09
PP Forward
1 - 54% - 60% - 2:09
2 - 46% - 40% - 1:51
PP Defense
1 - 65% - 60% - 2:37
2 - 35% - 40% - 1:23
PK Forward
1 - 79% - 60% - 2:26
2 - 21% - 40% - 0:39
PK Defense
1 - 52% - 60% - 1:36
2 - 48% - 40% - 1:29
PK3 Forward
1 - 0% - 60%
2 - 0% - 40%
PK3 Defense
1 - 0% - 60%
2 - 0% - 40%
44 Forward
1 - 0% - 60%
2 - 0% - 40%
44 Defense
1 - 0% - 60%
2 - 0% - 40%
Last Minute Offensive  - 0:00
Last Minute Defensive  - 0:00
Total
Forward - 60:00
Defense - 60:00

% Time on Ice - Diables

Lines # - Real PCT - Wanted PCT - Time Play
Normal Forward
1 - 36% - 40% - 19:04
2 - 28% - 30% - 14:52
3 - 22% - 20% - 11:29
4 - 14% - 10% - 7:30
Normal Defense
1 - 38% - 40% - 20:00
2 - 33% - 30% - 17:15
3 - 22% - 20% - 11:27
4 - 8% - 10% - 4:13
PP Forward
1 - 57% - 60% - 1:45
2 - 43% - 40% - 1:20
PP Defense
1 - 56% - 60% - 1:43
2 - 44% - 40% - 1:22
PK Forward
1 - 75% - 60% - 3:01
2 - 25% - 40% - 0:59
PK Defense
1 - 58% - 60% - 2:20
2 - 42% - 40% - 1:40
PK3 Forward
1 - 0% - 60%
2 - 0% - 40%
PK3 Defense
1 - 0% - 60%
2 - 0% - 40%
44 Forward
1 - 0% - 60%
2 - 0% - 40%
44 Defense
1 - 0% - 60%
2 - 0% - 40%
Last Minute Offensive  - 0:00
Last Minute Defensive  - 0:00
Total
Forward - 60:00
Defense - 60:00

Play by Play

1st period


0:01 of 1st period - Mike Zigomanis wins face-off versus Steve Quailer in neutral zone.
0:32 of 1st period - Slapshot by Jonathan Rheault.
0:32 of 1st period - Stopped by Eddie Lack with a rebound.
0:35 of 1st period - Icing by Riley Sheahan.
0:36 of 1st period - Riley Sheahan wins face-off versus Nathan Davis in Diables zone.
0:41 of 1st period - Matt Gilroy is hit by Alexandre Burrows and loses puck.
1:06 of 1st period - Snap shot by Tomas Kubalik.
1:06 of 1st period - Deflect By Alexandre Burrows.
1:06 of 1st period - Shot Misses the Net.
1:06 of 1st period - Puck is out of play.
1:07 of 1st period - Ben Hanowski wins face-off versus Dan Fritsche in Rafales zone.
1:12 of 1st period - Wrist shot by Dustin Kohn.
1:12 of 1st period - Shot Misses the Net.
1:22 of 1st period - Wrist shot by Jonathan Rheault.
1:22 of 1st period - Stopped by Eddie Lack with a rebound.
2:12 of 1st period - Off-side.
2:13 of 1st period - Riley Sheahan wins face-off versus Nathan Davis in neutral zone.
2:20 of 1st period - Snap shot by Alexandre Burrows.
2:20 of 1st period - Goal by Alexandre Burrows - Rafales : 0 - Diables : 1.
2:21 of 1st period - Tyler Bozak wins face-off versus Mike Zigomanis in neutral zone.
2:54 of 1st period - Off-side.
2:55 of 1st period - Dan Fritsche wins face-off versus Boone Jenner in neutral zone.
3:00 of 1st period - Wrist shot by Jonathan Rheault.
3:00 of 1st period - Shot Misses the Net.
3:20 of 1st period - Kellan Lain is hit by Cody McLeod and loses puck.
3:45 of 1st period - Icing by Pavel Valentenko.
3:46 of 1st period - Riley Sheahan wins face-off versus Nathan Davis in Diables zone.
4:27 of 1st period - Wrist shot by Nathan Davis.
4:27 of 1st period - Shot Blocked by Alexandre Burrows.
4:29 of 1st period - Snap shot by Jonas Junland.
4:29 of 1st period - Deflect By Jeff Skinner.
4:29 of 1st period - Stopped by Eddie Lack with a rebound.
4:31 of 1st period - Snap shot by Tim Crowder.
4:31 of 1st period - Goal by Tim Crowder - Rafales : 1 - Diables : 1.
4:32 of 1st period - Kellan Lain wins face-off versus Mike Zigomanis in neutral zone.
5:18 of 1st period - Matt Gilroy is hit by Tyler Cuma and loses puck.
6:59 of 1st period - Mark Fayne is hit by Pavel Valentenko.
7:15 of 1st period - Snap shot by Nathan Davis.
7:15 of 1st period - Shot Misses the Net.
7:17 of 1st period - Wrist shot by Nathan Davis.
7:17 of 1st period - Stopped by Eddie Lack without a rebound.
7:18 of 1st period - Boone Jenner wins face-off versus Nathan Davis in Diables zone.
8:12 of 1st period - Slapshot by Tomas Kubalik.
8:12 of 1st period - Shot Misses the Net.
8:30 of 1st period - Snap shot by Michael Bournival.
8:30 of 1st period - Stopped by Eddie Lack without a rebound.
8:31 of 1st period - Tyler Bozak wins face-off versus Mike Zigomanis in Diables zone.
9:06 of 1st period - Snap shot by Jonathan Rheault.
9:06 of 1st period - Shot Blocked by Brian Dumoulin.
10:34 of 1st period - Snap shot by Cody McLeod.
10:34 of 1st period - Stopped by Eddie Lack with a rebound.
10:36 of 1st period - Slapshot by Marc-André Gragnani.
10:36 of 1st period - Shot Misses the Net.
10:38 of 1st period - Slapshot by Mark Fayne.
10:38 of 1st period - Stopped by Eddie Lack with a rebound.
10:40 of 1st period - Slapshot by Mark Fayne.
10:40 of 1st period - Deflect By Pavel Valentenko.
10:40 of 1st period - Stopped by Eddie Lack with a rebound.
11:17 of 1st period - Snap shot by Jonathan Rheault.
11:17 of 1st period - Stopped by Eddie Lack without a rebound.
11:18 of 1st period - Tyler Bozak wins face-off versus Dan Fritsche in Diables zone.
11:27 of 1st period - Snap shot by Steve Quailer.
11:27 of 1st period - Stopped by John Gibson with a rebound.
11:29 of 1st period - Slapshot by Dustin Kohn.
11:29 of 1st period - Stopped by John Gibson with a rebound.
11:31 of 1st period - Slapshot by Steve Quailer.
11:31 of 1st period - Goal by Steve Quailer - Rafales : 1 - Diables : 2.
11:32 of 1st period - Tyler Bozak wins face-off versus Cody McLeod in neutral zone.
11:39 of 1st period - Backhand shot by Steve Quailer.
11:39 of 1st period - Shot Blocked by Julian Melchiori.
11:41 of 1st period - Wrist shot by Kellan Lain.
11:41 of 1st period - Deflect By Tyler Bozak.
11:41 of 1st period - Shot Misses the Net.
11:41 of 1st period - Puck is out of play.
11:42 of 1st period - Mike Zigomanis wins face-off versus Tyler Bozak in Rafales zone.
12:01 of 1st period - Snap shot by Cody McLeod.
12:01 of 1st period - Stopped by Eddie Lack with a rebound.
12:23 of 1st period - Wrist shot by Steve Quailer.
12:23 of 1st period - Stopped by John Gibson without a rebound.
12:24 of 1st period - Dan Fritsche wins face-off versus Craig Smith in Rafales zone.
12:31 of 1st period - Wrist shot by Brandon Prust.
12:31 of 1st period - Stopped by John Gibson without a rebound.
12:32 of 1st period - Dan Fritsche wins face-off versus Craig Smith in Rafales zone.
12:41 of 1st period - Slapshot by Craig Smith.
12:41 of 1st period - Shot Misses the Net.
12:43 of 1st period - Minor Penalty to Mike Sislo for Holding Stick.
12:44 of 1st period - Tyler Bozak wins face-off versus Mike Zigomanis in Rafales zone.
12:45 of 1st period - Wrist shot by Kellan Lain.
12:45 of 1st period - Shot Misses the Net.
12:47 of 1st period - Snap shot by Lukas Krajicek.
12:47 of 1st period - Shot Misses the Net.
12:49 of 1st period - Snap shot by Tyler Bozak.
12:49 of 1st period - Shot Blocked by Mike Zigomanis.
12:51 of 1st period - Slapshot by Lukas Krajicek.
12:51 of 1st period - Shot Misses the Net.
12:53 of 1st period - Snap shot by Tomas Kubalik.
12:53 of 1st period - Shot Misses the Net.
12:55 of 1st period - Slapshot by Lukas Krajicek.
12:55 of 1st period - Shot Blocked by Connor Murphy.
12:57 of 1st period - Slapshot by Lukas Krajicek.
12:57 of 1st period - Shot Blocked by Cody McLeod.
13:09 of 1st period - Mike Zigomanis is hit by Steve Quailer and loses puck.
13:16 of 1st period - Wrist shot by Steve Quailer.
13:16 of 1st period - Stopped by John Gibson without a rebound.
13:17 of 1st period - Kellan Lain wins face-off versus Mike Zigomanis in Rafales zone.
13:20 of 1st period - Slapshot by Kellan Lain.
13:20 of 1st period - Shot Misses the Net.
13:22 of 1st period - Slapshot by Kyle Cumiskey.
13:22 of 1st period - Shot Misses the Net.
13:24 of 1st period - Slapshot by Kellan Lain.
13:24 of 1st period - Shot Blocked by Jonas Junland.
13:49 of 1st period - Snap shot by Dustin Kohn.
13:49 of 1st period - Goal by Dustin Kohn - Rafales : 1 - Diables : 3.
13:50 of 1st period - Tyler Bozak wins face-off versus Jonathan Rheault in neutral zone.
14:13 of 1st period - Kellan Lain is hit by Mike Sislo and loses puck.
15:14 of 1st period - Snap shot by Kellan Lain.
15:14 of 1st period - Deflect By Steve Quailer.
15:14 of 1st period - Shot Misses the Net.
15:14 of 1st period - Puck is out of play.
15:15 of 1st period - Craig Smith wins face-off versus Mike Zigomanis in Rafales zone.
15:22 of 1st period - Snap shot by Craig Smith.
15:22 of 1st period - Deflect By Brandon Prust.
15:22 of 1st period - Stopped by John Gibson without a rebound.
15:23 of 1st period - Craig Smith wins face-off versus Milan Bartovic in Rafales zone.
16:59 of 1st period - Snap shot by Jeff Skinner.
16:59 of 1st period - Shot Misses the Net.
17:27 of 1st period - Kellan Lain is hit by Jonas Junland and loses puck.
18:02 of 1st period - Mike Zigomanis is hit by Brandon Prust and loses puck.
18:13 of 1st period - Milan Bartovic is hit by Alexandre Burrows and loses puck.
18:47 of 1st period - Off-side.
18:48 of 1st period - Boone Jenner wins face-off versus Nathan Davis in neutral zone.
19:03 of 1st period - Slapshot by Tyler Cuma.
19:03 of 1st period - Stopped by John Gibson without a rebound.
19:04 of 1st period - Tyler Bozak wins face-off versus Mike Zigomanis in Rafales zone.
19:33 of 1st period - Snap shot by Riley Sheahan.
19:33 of 1st period - Shot Misses the Net.
Goals for this period are 1 for Rafales vs 3 for Diables.
Shots for this period are 11 for Rafales vs 10 for Diables.

2nd period


0:01 of 2nd period - Mike Zigomanis wins face-off versus Tyler Bozak in neutral zone.
0:06 of 2nd period - Snap shot by Mike Zigomanis.
0:06 of 2nd period - Stopped by Eddie Lack without a rebound.
0:07 of 2nd period - Mike Zigomanis wins face-off versus Tyler Bozak in Diables zone.
0:10 of 2nd period - Snap shot by Cody McLeod.
0:10 of 2nd period - Stopped by Eddie Lack without a rebound.
0:11 of 2nd period - Mike Zigomanis wins face-off versus Riley Sheahan in Diables zone.
0:12 of 2nd period - Backhand shot by Cody McLeod.
0:12 of 2nd period - Stopped by Eddie Lack with a rebound.
0:22 of 2nd period - Slapshot by Alexandre Burrows.
0:22 of 2nd period - Stopped by John Gibson without a rebound.
0:23 of 2nd period - Mike Zigomanis wins face-off versus Tyler Bozak in Rafales zone.
1:06 of 2nd period - Off-side.
1:07 of 2nd period - Kevin Veilleux wins face-off versus Craig Smith in neutral zone.
1:16 of 2nd period - Wrist shot by Brandon Prust.
1:16 of 2nd period - Shot Blocked by Michael Bournival.
1:58 of 2nd period - Wrist shot by Tomas Kubalik.
1:58 of 2nd period - Shot Misses the Net.
2:00 of 2nd period - Wrist shot by Alexandre Burrows.
2:00 of 2nd period - Goal by Alexandre Burrows - Rafales : 1 - Diables : 4.
2:01 of 2nd period - Kellan Lain wins face-off versus Mike Zigomanis in neutral zone.
2:28 of 2nd period - Mike Sislo is hit by Lukas Krajicek and loses puck.
2:35 of 2nd period - Wrist shot by Alexandre Burrows.
2:35 of 2nd period - Shot Blocked by Jonas Junland.
2:53 of 2nd period - Wrist shot by Taylor Beck.
2:53 of 2nd period - Stopped by John Gibson with a rebound.
2:57 of 2nd period - Snap shot by Ben Hanowski.
2:57 of 2nd period - Deflect By Taylor Beck.
2:57 of 2nd period - Goal by Taylor Beck - Rafales : 1 - Diables : 5.
2:58 of 2nd period - Mike Zigomanis wins face-off versus Tyler Bozak in neutral zone.
3:06 of 2nd period - Minor Penalty to Lukas Krajicek for Holding.
3:07 of 2nd period - Tyler Bozak wins face-off versus Milan Bartovic in Diables zone.
5:06 of 2nd period - Penalty to Lukas Krajicek is over, Lukas Krajicek is back on ice.
5:40 of 2nd period - Snap shot by Taylor Beck.
5:40 of 2nd period - Shot Misses the Net.
5:42 of 2nd period - Snap shot by Kyle Cumiskey.
5:42 of 2nd period - Shot Blocked by Mark Fayne.
5:44 of 2nd period - Slapshot by Kyle Cumiskey.
5:44 of 2nd period - Shot Blocked by Mike Sislo.
5:46 of 2nd period - Wrist shot by Ben Hanowski.
5:46 of 2nd period - Goal by Ben Hanowski - Rafales : 1 - Diables : 6.
5:46 of 2nd period - Philipp Grubauer enters game.
5:47 of 2nd period - Tyler Bozak wins face-off versus Mike Zigomanis in neutral zone.
5:59 of 2nd period - Snap shot by Tyler Bozak.
5:59 of 2nd period - Stopped by Philipp Grubauer without a rebound.
6:00 of 2nd period - Tyler Bozak wins face-off versus Mike Zigomanis in Rafales zone.
6:03 of 2nd period - Wrist shot by Steve Quailer.
6:03 of 2nd period - Deflect By Tyler Bozak.
6:03 of 2nd period - Stopped by Philipp Grubauer without a rebound.
6:04 of 2nd period - Tyler Bozak wins face-off versus Mike Zigomanis in Rafales zone.
6:11 of 2nd period - Slapshot by Tyler Cuma.
6:11 of 2nd period - Stopped by Philipp Grubauer with a rebound.
6:13 of 2nd period - Snap shot by Tyler Bozak.
6:13 of 2nd period - Stopped by Philipp Grubauer without a rebound.
6:14 of 2nd period - Mike Zigomanis wins face-off versus Tyler Bozak in Rafales zone.
6:14 of 2nd period - Mike Zigomanis is hit by Tyler Bozak.
6:30 of 2nd period - Snap shot by Tyler Bozak.
6:30 of 2nd period - Stopped by Philipp Grubauer with a rebound.
6:49 of 2nd period - Snap shot by Jonathan Rheault.
6:49 of 2nd period - Shot Misses the Net.
6:51 of 2nd period - Snap shot by Mike Sislo.
6:51 of 2nd period - Shot Misses the Net.
6:53 of 2nd period - Slapshot by Connor Murphy.
6:53 of 2nd period - Shot Misses the Net.
8:11 of 2nd period - Dan Fritsche is hit by Alexandre Burrows and loses puck.
8:41 of 2nd period - Minor Penalty to Kyle Cumiskey for High sticking.
8:42 of 2nd period - Tyler Bozak wins face-off versus Mike Zigomanis in Diables zone.
9:34 of 2nd period - Lukas Krajicek is hit by Cody McLeod and loses puck.
10:09 of 2nd period - Snap shot by Alexandre Burrows.
10:09 of 2nd period - Deflect By Mark Fayne.
10:09 of 2nd period - Shot Misses the Net.
10:09 of 2nd period - Puck is out of play.
10:10 of 2nd period - Mike Zigomanis wins face-off versus Craig Smith in Rafales zone.
10:41 of 2nd period - Penalty to Kyle Cumiskey is over, Kyle Cumiskey is back on ice.
10:54 of 2nd period - Snap shot by Alexandre Burrows.
10:54 of 2nd period - Shot Blocked by Mark Fayne.
11:11 of 2nd period - Tomas Kubalik is hit by Tim Crowder and loses puck.
11:32 of 2nd period - Snap shot by Tyler Cuma.
11:32 of 2nd period - Stopped by Philipp Grubauer with a rebound.
11:34 of 2nd period - Slapshot by Tyler Cuma.
11:34 of 2nd period - Shot Misses the Net.
11:36 of 2nd period - Wrist shot by Tomas Kubalik.
11:36 of 2nd period - Stopped by Philipp Grubauer with a rebound.
11:38 of 2nd period - Snap shot by Tomas Kubalik.
11:38 of 2nd period - Stopped by Philipp Grubauer without a rebound.
11:39 of 2nd period - Tyler Bozak wins face-off versus Kevin Veilleux in Rafales zone.
12:24 of 2nd period - Wrist shot by Michael Bournival.
12:24 of 2nd period - Stopped by Eddie Lack with a rebound.
12:48 of 2nd period - Wrist shot by Cody McLeod.
12:48 of 2nd period - Stopped by Eddie Lack without a rebound.
12:49 of 2nd period - Mike Zigomanis wins face-off versus Craig Smith in Diables zone.
12:50 of 2nd period - Wrist shot by Cody McLeod.
12:50 of 2nd period - Goal by Cody McLeod - Rafales : 2 - Diables : 6.
12:51 of 2nd period - Tyler Bozak wins face-off versus Mike Zigomanis in neutral zone.
12:56 of 2nd period - Snap shot by Tyler Bozak.
12:56 of 2nd period - Goal by Tyler Bozak - Rafales : 2 - Diables : 7.
12:57 of 2nd period - Mike Zigomanis wins face-off versus Tyler Bozak in neutral zone.
13:07 of 2nd period - Lukas Krajicek beats up Milan Bartovic.
13:07 of 2nd period - Penalty to Lukas Krajicek for Fighting.
13:07 of 2nd period - Penalty to Milan Bartovic for Fighting.
13:07 of 2nd period - Penalty to Lukas Krajicek for instigated a fight.
13:07 of 2nd period - Penalty to Lukas Krajicek for instigated a fight.
13:08 of 2nd period - Mike Zigomanis wins face-off versus Tyler Bozak in Diables zone.
13:09 of 2nd period - Slapshot by Cody McLeod.
13:09 of 2nd period - Deflect By Mike Zigomanis.
13:09 of 2nd period - Goal by Mike Zigomanis - Rafales : 3 - Diables : 7.
13:10 of 2nd period - Mike Zigomanis wins face-off versus Tyler Bozak in neutral zone.
13:28 of 2nd period - Icing by Connor Murphy.
13:29 of 2nd period - Riley Sheahan wins face-off versus Mike Zigomanis in Rafales zone.
13:34 of 2nd period - Snap shot by Alexandre Burrows.
13:34 of 2nd period - Stopped by Philipp Grubauer with a rebound.
13:36 of 2nd period - Snap shot by Riley Sheahan.
13:36 of 2nd period - Goal by Riley Sheahan - Rafales : 3 - Diables : 8.
13:37 of 2nd period - Mike Zigomanis wins face-off versus Tyler Bozak in neutral zone.
13:39 of 2nd period - Off-side.
13:40 of 2nd period - Mike Zigomanis wins face-off versus Tyler Bozak in neutral zone.
13:49 of 2nd period - Slapshot by Tyler Bozak.
13:49 of 2nd period - Deflect By Kellan Lain.
13:49 of 2nd period - Stopped by Philipp Grubauer without a rebound.
13:50 of 2nd period - Mike Zigomanis wins face-off versus Tyler Bozak in Rafales zone.
14:51 of 2nd period - Icing by Michael Bournival.
14:52 of 2nd period - Tyler Bozak wins face-off versus Nathan Davis in Rafales zone.
14:57 of 2nd period - Snap shot by Steve Quailer.
14:57 of 2nd period - Shot Misses the Net.
15:17 of 2nd period - Mike Zigomanis is hit by Riley Sheahan and loses puck.
15:28 of 2nd period - Snap shot by Tomas Kubalik.
15:28 of 2nd period - Shot Misses the Net.
16:24 of 2nd period - Matt Gilroy is hit by Josh Manson and loses puck.
16:35 of 2nd period - Snap shot by Tomas Kubalik.
16:35 of 2nd period - Stopped by Philipp Grubauer without a rebound.
16:36 of 2nd period - Dan Fritsche wins face-off versus Riley Sheahan in Rafales zone.
16:51 of 2nd period - Off-side.
16:52 of 2nd period - Tyler Bozak wins face-off versus Mike Zigomanis in neutral zone.
17:29 of 2nd period - Snap shot by Mike Sislo.
17:29 of 2nd period - Stopped by Eddie Lack with a rebound.
18:03 of 2nd period - Nathan Davis is hit by Steve Quailer and loses puck.
18:10 of 2nd period - Slapshot by Tyler Bozak.
18:10 of 2nd period - Deflect By Nathan Davis.
18:10 of 2nd period - Shot Blocked by Julian Melchiori.
18:10 of 2nd period - Puck is out of play.
18:11 of 2nd period - Cody McLeod wins face-off versus Craig Smith in Rafales zone.
18:11 of 2nd period - Cody McLeod is hit by Josh Manson.
18:25 of 2nd period - Wrist shot by Cody McLeod.
18:25 of 2nd period - Deflect By Milan Bartovic.
18:25 of 2nd period - Shot Blocked by Brandon Prust.
18:25 of 2nd period - Puck is out of play.
18:26 of 2nd period - Tyler Bozak wins face-off versus Dan Fritsche in Diables zone.
18:31 of 2nd period - Mike Sislo is hit by Tyler Bozak.
18:37 of 2nd period - Steve Quailer is hit by Mike Sislo and loses puck.
19:14 of 2nd period - Slapshot by Brandon Prust.
19:14 of 2nd period - Stopped by Philipp Grubauer with a rebound.
19:34 of 2nd period - Michael Bournival is hit by Kellan Lain and loses puck.
Goals for this period are 2 for Rafales vs 5 for Diables.
Shots for this period are 8 for Rafales vs 19 for Diables.

3rd period


0:01 of 3rd period - Mike Zigomanis wins face-off versus Tyler Bozak in neutral zone.
0:26 of 3rd period - Julian Melchiori is hit by Ben Hanowski and loses puck.
0:33 of 3rd period - Tyler Cuma is hit by Matt Gilroy and loses puck.
1:40 of 3rd period - Slapshot by Ben Hanowski.
1:40 of 3rd period - Shot Misses the Net.
1:46 of 3rd period - Minor Penalty to Matt Gilroy for Hooking.
1:47 of 3rd period - Mike Zigomanis wins face-off versus Tyler Bozak in Rafales zone.
1:47 of 3rd period - Mike Zigomanis is hit by Kellan Lain.
1:57 of 3rd period - Connor Murphy is hit by Tyler Cuma and loses puck.
2:26 of 3rd period - Connor Murphy is hit by Kellan Lain.
3:46 of 3rd period - Penalty to Matt Gilroy is over, Matt Gilroy is back on ice.
3:55 of 3rd period - Snap shot by Johan Ryno.
3:55 of 3rd period - Shot Misses the Net.
3:57 of 3rd period - Wrist shot by Johan Ryno.
3:57 of 3rd period - Stopped by Eddie Lack with a rebound.
5:23 of 3rd period - Snap shot by Dan Fritsche.
5:23 of 3rd period - Shot Misses the Net.
5:37 of 3rd period - Kyle Cumiskey is hit by Jeff Skinner and loses puck.
6:16 of 3rd period - Snap shot by Johan Ryno.
6:16 of 3rd period - Stopped by Eddie Lack without a rebound.
6:17 of 3rd period - Craig Smith wins face-off versus Kevin Veilleux in Diables zone.
6:44 of 3rd period - Matt Gilroy is hit by Brian Dumoulin.
7:04 of 3rd period - Snap shot by Mike Sislo.
7:04 of 3rd period - Stopped by Eddie Lack with a rebound.
7:06 of 3rd period - Slapshot by Jonas Junland.
7:06 of 3rd period - Shot Blocked by Kyle Cumiskey.
7:08 of 3rd period - Slapshot by Jonas Junland.
7:08 of 3rd period - Shot Blocked by Alexandre Burrows.
7:10 of 3rd period - Slapshot by Matt Gilroy.
7:10 of 3rd period - Stopped by Eddie Lack with a rebound.
7:59 of 3rd period - Snap shot by Cody McLeod.
7:59 of 3rd period - Stopped by Eddie Lack with a rebound.
8:07 of 3rd period - 10 Minutes Misconduct Penalty to Lukas Krajicek is over.
9:10 of 3rd period - Backhand shot by Johan Ryno.
9:10 of 3rd period - Shot Misses the Net.
9:16 of 3rd period - Snap shot by Michael Bournival.
9:16 of 3rd period - Shot Misses the Net.
9:19 of 3rd period - Icing by Tyler Cuma.
9:20 of 3rd period - Craig Smith wins face-off versus Mike Zigomanis in Diables zone.
9:30 of 3rd period - Wrist shot by Cody McLeod.
9:30 of 3rd period - Shot Misses the Net.
9:42 of 3rd period - Wrist shot by Brandon Prust.
9:42 of 3rd period - Shot Misses the Net.
9:50 of 3rd period - Craig Smith is hit by Cody McLeod and loses puck.
10:19 of 3rd period - Slapshot by Craig Smith.
10:19 of 3rd period - Shot Misses the Net.
10:33 of 3rd period - Snap shot by Brandon Prust.
10:33 of 3rd period - Stopped by Philipp Grubauer without a rebound.
10:34 of 3rd period - Dan Fritsche wins face-off versus Tyler Bozak in Rafales zone.
10:43 of 3rd period - Backhand shot by Jonathan Rheault.
10:43 of 3rd period - Shot Misses the Net.
10:45 of 3rd period - Snap shot by Dan Fritsche.
10:45 of 3rd period - Deflect By Jonathan Rheault.
10:45 of 3rd period - Shot Blocked by Pavel Valentenko.
10:45 of 3rd period - Puck is out of play.
10:46 of 3rd period - Tyler Bozak wins face-off versus Dan Fritsche in Diables zone.
10:48 of 3rd period - Kellan Lain beats up Julian Melchiori.
10:48 of 3rd period - Penalty to Kellan Lain for Fighting.
10:48 of 3rd period - Penalty to Julian Melchiori for Fighting.
10:49 of 3rd period - Dan Fritsche wins face-off versus Tyler Bozak in neutral zone.
10:52 of 3rd period - Craig Smith is hit by Mike Sislo and loses puck.
11:30 of 3rd period - Wrist shot by Tyler Bozak.
11:30 of 3rd period - Shot Misses the Net.
11:34 of 3rd period - Snap shot by Tyler Bozak.
11:34 of 3rd period - Stopped by Philipp Grubauer with a rebound.
11:44 of 3rd period - Taylor Beck is hit by Michael Bournival.
11:58 of 3rd period - Wrist shot by Mike Sislo.
11:58 of 3rd period - Stopped by Eddie Lack without a rebound.
11:59 of 3rd period - Dan Fritsche wins face-off versus Riley Sheahan in Diables zone.
12:02 of 3rd period - Snap shot by Jonathan Rheault.
12:02 of 3rd period - Stopped by Eddie Lack with a rebound.
12:10 of 3rd period - Wrist shot by Tomas Kubalik.
12:10 of 3rd period - Shot Hit the Post.
12:48 of 3rd period - Jeff Skinner is hit by Taylor Beck and loses puck.
13:05 of 3rd period - Jonas Junland is hit by Pavel Valentenko and loses puck.
14:25 of 3rd period - Snap shot by Jonathan Rheault.
14:25 of 3rd period - Stopped by Eddie Lack with a rebound.
15:42 of 3rd period - Kyle Cumiskey is hit by Tim Crowder and loses puck.
15:54 of 3rd period - Off-side.
15:55 of 3rd period - Kevin Veilleux wins face-off versus Craig Smith in neutral zone.
16:08 of 3rd period - Slapshot by Brandon Prust.
16:08 of 3rd period - Stopped by Philipp Grubauer with a rebound.
16:31 of 3rd period - Slapshot by Connor Murphy.
16:31 of 3rd period - Deflect By Dustin Kohn.
16:31 of 3rd period - Stopped by Eddie Lack with a rebound.
16:39 of 3rd period - Snap shot by Kellan Lain.
16:39 of 3rd period - Shot Misses the Net.
17:13 of 3rd period - Matt Gilroy is hit by Riley Sheahan and loses puck.
18:18 of 3rd period - Snap shot by Alexandre Burrows.
18:18 of 3rd period - Stopped by Philipp Grubauer with a rebound.
18:42 of 3rd period - Matt Gilroy is hit by Ben Hanowski and loses puck.
19:43 of 3rd period - Wrist shot by Mark Fayne.
19:43 of 3rd period - Stopped by Eddie Lack with a rebound.
Goals for this period are 0 for Rafales vs 0 for Diables.
Shots for this period are 10 for Rafales vs 4 for Diables.